 Dungeon Crawl Stone Soup version 0.31-a0-963-ga325b2283a (webtiles) character file.

Game seed: 17691018066772118028

26536 Strat the Warrior (level 13, -11/140 HPs)
             Began as a Hill Orc Gladiator on Oct 18, 2023.
             Was a High Priest of Okawaru.
             Mangled by a fire giant
             ... wielding a +0 great sword of flaming
              (31 damage)
             ... on level 13 of the Dungeon on Oct 25, 2023.
             The game lasted 00:33:20 (16767 turns).

Strat the Warrior (Hill Orc Gladiator)             Turns: 16767, Time: 00:33:21

Health: -11/140    AC: 25    Str: 22    XL:     13   Next: 26%
Magic:  20/20      EV: 15    Int:  8    God:    Okawaru [*****.]
Gold:   825        SH:  0    Dex: 12    Spells: 12/12 levels left

rFire   . . .        a - +2 dire flail (drain)
rCold   . . .        (shield currently unavailable)
rNeg    . . .        F - +3 plate armour
rPois   +            c - +1 helmet
rElec   .            s - +0 cloak
rCorr   .            (no gloves)
SInv    .            k - +0 pair of boots
Will    .....        (no amulet) Stlth
                     q - +5 ring of evasion
HPRegen 0.43/turn    i - ring of poison resistance
MPRegen 0.17/turn

%: no passive effects
@: heroic, hasted, invisible, very quick
A: no striking features
a: Renounce Religion, Heroism, Finesse, Duel


You were on level 13 of the Dungeon.
You worshipped Okawaru.
Okawaru was extremely pleased with you.
You visited 2 branches of the dungeon, and saw 14 of its levels.

You collected 1165 gold pieces.
You spent 340 gold pieces at shops.

Inventory:

Hand Weapons
 a - a +2 dire flail of draining (weapon)
 b - the +7 hammer of Wicked Reinforcement {flame, Dex+6}
   (You found it on level 6 of the Dungeon)

   Dex+6:     It affects your dexterity (+6).
Missiles
 d - 3 throwing nets (quivered)
 e - 7 javelins
 j - 26 poisoned darts
 m - 13 boomerangs
 p - 6 curare-tipped darts
 D - a silver javelin
 I - 7 atropa-tipped darts
Armour
 c - a +1 helmet (worn)
 h - a +0 scale mail of poison resistance
 k - a +0 pair of boots (worn)
 s - a +0 cloak (worn)
 F - a +3 plate armour (worn)
Jewellery
 i - a ring of poison resistance (right hand)
 n - a ring of wizardry
 q - a +5 ring of evasion (left hand)
Wands
 g - a wand of paralysis (10)
 l - a wand of polymorph (10)
 r - a wand of flame (42)
 B - a wand of mindburst (8)
Scrolls
 o - 3 scrolls of identify
 t - 2 scrolls of amnesia
 y - 2 scrolls of teleportation
 z - a scroll of fear
 A - 3 scrolls of fog
 E - 2 scrolls of enchant weapon
 G - 3 scrolls of noise
Potions
 f - 2 potions of lignification
 u - a potion of ambrosia
 v - 2 potions of haste
 w - 2 potions of brilliance


   Skills:
 + Level 20.4(25.4) Fighting
 - Level 3.2(8.2) Maces & Flails
 + Level 10.0(15.0) Throwing
 - Level 10.0(15.0) Armour
 - Level 2.4(7.4) Dodging
 - Level 10.0 Invocations
 * Level 5.1 Evocations


You had 12 spell levels left.
You didn't know any spells.
Your spell library contained the following spells:

 Spells                   Type           Power      Damage    Failure   Level
 Ensorcelled Hibernation  Hex/Ice        0%         N/A       99%         2
 Jinxbite                 Hex            0%         N/A       99%         2
 Passwall                 Tmut/Erth      0%         N/A       99%         2
 Static Discharge         Conj/Air       0%         3-3/arc   99%         2
 Swiftness                Air            0%         N/A       100%        3
 Airstrike                Air            0%         2d(0-16)  100%        4
 Anguish                  Hex/Necr       0%         N/A       100%        4
 Dimensional Bullseye     Hex/Tloc       0%         N/A       100%        4
 Iskenderun's Mystic Bla  Conj/Tloc      0%         2d3       100%        4
 Summon Small Mammal      Summ           Unusable   N/A       N/A         1
 Call Canine Familiar     Summ           Unusable   N/A       N/A         3
 Summon Guardian Golem    Hex/Summ       Unusable   N/A       N/A         3
 Tukima's Dance           Hex            Unusable   N/A       N/A         3
 Summon Lightning Spire   Summ/Air       Unusable   N/A       N/A         4

Dungeon Overview and Level Annotations

Branches:
Dungeon (13/15)            Temple (1/1) D:7            Lair (0/5) D:8
    Orc (0/2) D:11
 Vaults: D:13-14

Altars:
Ashenzari
Cheibriados
Dithmenos
Elyvilon
Fedhas
Gozag
Hepliaklqana
Kikubaaqudgha
Makhleb
Nemelex Xobeh
Okawaru
Qazlal
Ru
Sif Muna
Trog
Uskayaw
Vehumet
Wu Jian
Xom
Yredelemnul
Zin
The Shining One

Shops:
D:1 [   D:5 *   D:11 (   D:13 (?==(

Portals:
Trove: D:12 (give 3 potions of resistance)

Annotations:
D:2 Sigmund
D:6 3 runed translucent doors, MrSquiggles's ghost, novice MiFi


Message History

The fire giant closely misses you.
You bludgeon the fire giant!!
The fire giant is heavily wounded.
You barely miss the fire giant.
The fire giant is heavily wounded.
The fire giant gestures at you while chanting.
The fireball explodes!
The fireball engulfs you!!!
* * * LOW HITPOINT WARNING * * *
The fireball engulfs the fire giant!
The fire giant resists.
You closely miss the fire giant.
The fire giant is severely wounded.
The cyclops barely misses you.
You barely miss the fire giant.
The fire giant is severely wounded.
The fire giant hits you with a +0 great sword of flaming!
* * * LOW HITPOINT WARNING * * *
The fire giant burns you!
* * * LOW HITPOINT WARNING * * *
You closely miss the fire giant.
The fire giant is severely wounded.
The cyclops hits you but does no damage.
You fade into invisibility!
The fire giant hits you with a +0 great sword of flaming.
* * * LOW HITPOINT WARNING * * *
The fire giant burns you.
* * * LOW HITPOINT WARNING * * *
You closely miss the fire giant.
The fire giant is severely wounded.
The cyclops hits you but does no damage.
The fire giant hits you with a +0 great sword of flaming.
* * * LOW HITPOINT WARNING * * *
The fire giant burns you.
* * * LOW HITPOINT WARNING * * *
You barely miss the fire giant.
The fire giant is severely wounded.
You hit the fire giant.
The fire giant is severely wounded.
The fire giant seems less drained.
The fire giant hits you with a +0 great sword of flaming!!
You die...

####♣.∩.♣# ## ##♣..# .#######.#
.....# #.# ###### .###.###.##
#....# ........∩.# #.####
.......#..###.####
.##.............C#
.##........##.##@#
.##.#....#.##.##C#
.##.#............# #♣y
.##.....##.##.##.# ♣♣♣♣..
.##.##..##.##.##)# ♣.♣.~~
.##.##...........# ..O~~
.##.##.##........# ♣.l~
.##.##.##........# ♣..
.......##..##.###########.#######


You could see a fire giant and a cyclops (unable to see you).

Vanquished Creatures
  A vault guard (D:12)
  4 boulder beetles
  A centaur warrior (D:13)
  6 two-headed ogres
  Sonja (D:12)
  Lodul (D:12)
  5 ugly things
  4 cyclopes
  A wolf spider (D:13)
  Psyche (D:11)
  3 unseen horrors
  A komodo dragon (D:13)
  4 meliai
  3 hornets (D:13)
  5 trolls
  2 wraiths
  2 shadows
  18 yaks
  3 wyverns (D:9)
  Grum (D:9)
  6 vampire mosquitoes (D:11)
  A warg (D:11)
  A steam dragon (D:7)
  Edmund (D:4)
  3 acid dragons
  4 orc warriors
  5 black bears
  2 ice beasts
  9 ogres
  10 centaurs
  2 wolves (D:9)
  A phantom (D:7)
  4 kobold brigands
  2 bullfrogs
  A scorpion (D:6)
  3 wights (D:8)
  20 killer bees
  3 howler monkeys
  2 jellies
  Crazy Yiuf (D:6)
  8 orc priests
  4 hounds
  Jessica (D:2)
  4 iguanas
  10 orc wizards
  Natasha (thrice) (D:2)
  4 gnolls
  8 adders
  A shadow imp (D:8)
  2 white imps
  2 worms
  44 orcs
  6 ball pythons
  7 endoplasms
  2 giant cockroaches
  3 hobgoblins (D:2)
  7 jackals
  24 kobolds
  5 quokkas
  6 bats
  3 frilled lizards
  9 goblins
  6 rats
317 creatures vanquished.

Vanquished Creatures (others)
  A water moccasin (D:5)
1 creature vanquished.

Grand Total: 318 creatures vanquished

Notes
Turn   | Place    | Note
-------+----------+-------------------------------------------
     0 | D:1      | Strat the Hill Orc Gladiator began the quest for the Orb.
     0 | D:1      | Reached XP level 1. HP: 18/18 MP: 1/1
    67 | D:1      | Reached skill level 3 in Fighting
    71 | D:1      | Reached XP level 2. HP: 22/26 MP: 2/2
   161 | D:1      | Found Bahistry's Armour Boutique.
   279 | D:1      | Reached skill level 4 in Fighting
   400 | D:1      | Reached XP level 3. HP: 33/33 MP: 3/3
   690 | D:2      | Noticed Sigmund
  1018 | D:2      | Noticed Natasha
  1036 | D:2      | Killed Natasha
  1037 | D:2      | Reached skill level 5 in Fighting
  1037 | D:2      | Reached XP level 4. HP: 22/42 MP: 4/4
  1134 | D:2      | Noticed Natasha
  1149 | D:2      | Killed Natasha
  1245 | D:2      | Noticed Natasha
  1256 | D:2      | Killed Natasha
  1257 | D:2      | Reached skill level 6 in Fighting
  1257 | D:2      | Reached XP level 5. HP: 34/50 MP: 5/5
  1320 | D:2      | Noticed Jessica
  1334 | D:2      | Killed Jessica
  1335 | D:2      | Reached skill level 1 in Armour
  1766 | D:3      | Found a sparkling altar of Nemelex Xobeh.
  1768 | D:3      | Found a shimmering altar of Xom.
  2122 | D:4      | Noticed Edmund
  2157 | D:4      | Killed Edmund
  2158 | D:4      | Reached skill level 7 in Fighting
  2158 | D:4      | Reached XP level 6. HP: 38/60 MP: 6/6
  2365 | D:4      | Noticed a black bear
  2383 | D:4      | Killed a black bear
  2686 | D:4      | Found a glowing golden altar of the Shining One.
  2773 | D:3      | Reached XP level 7. HP: 62/66 MP: 7/7
  2892 | D:3      | Found a faded altar of an unknown god.
  3622 | D:5      | Entered Level 5 of the Dungeon
  3784 | D:5      | Identified a scroll of acquirement
  3784 | D:5      | Acquired a manual of Fighting
  3795 | D:5      | Found an iron altar of Okawaru.
  3805 | D:5      | Became a worshipper of Warmaster Okawaru
  3879 | D:5      | Reached skill level 8 in Fighting
  4244 | D:5      | Reached skill level 9 in Fighting
  4244 | D:5      | Reached skill level 5 in Armour
  4541 | D:5      | Reached skill level 10 in Fighting
  4541 | D:5      | Reached XP level 8. HP: 74/80 MP: 8/8
  4724 | D:5      | Found Liutiul's Assorted Antiques.
  4932 | D:5      | Reached * piety under Okawaru
  5103 | D:4      | Reached skill level 11 in Fighting
  5477 | D:5      | Found a glowing silver altar of Zin.
  6395 | D:6      | Noticed MrSquiggles's ghost (novice MiFi)
  6463 | D:6      | Reached skill level 12 in Fighting
  6497 | D:6      | Found a runed translucent gate.
  6497 | D:6      | Found a runed translucent gate.
  6497 | D:6      | Found a runed translucent gate.
  6572 | D:6      | Found a runed translucent door.
  6573 | D:6      | Identified the +7 hammer of Wicked Reinforcement {flame,
                  | Dex+6}
  6573 | D:6      | Noticed Crazy Yiuf
  6588 | D:6      | Killed Crazy Yiuf
  6695 | D:6      | Reached ** piety under Okawaru
  6712 | D:6      | Reached XP level 9. HP: 88/91 MP: 9/9
  7150 | D:7      | Reached skill level 13 in Fighting
  7376 | D:7      | Found a staircase to the Ecumenical Temple.
  7807 | D:8      | Reached skill level 5 in Throwing
  7850 | D:8      | Reached *** piety under Okawaru
  8268 | D:8      | Found a staircase to the Lair.
  8459 | Temple   | Entered the Ecumenical Temple
  8489 | D:7      | Reached skill level 14 in Fighting
  8876 | D:8      | Identified the +0 falchion of Siequrgh {flame, rPois rF-
                  | rC+}
  9139 | D:8      | Found a hazy altar of Hepliaklqana.
  9328 | D:8      | Reached XP level 10. HP: 97/104 MP: 10/10
  9584 | D:9      | Reached skill level 1 in Invocations
  9593 | D:9      | Reached **** piety under Okawaru
  9594 | D:9      | Reached skill level 15 in Fighting
  9692 | D:9      | Noticed a two-headed ogre
  9720 | D:9      | Killed a two-headed ogre
  9868 | D:9      | Reached ***** piety under Okawaru
 10302 | D:9      | Reached skill level 5 in Invocations
 10303 | D:9      | Reached skill level 16 in Fighting
 10691 | D:9      | Noticed Grum
 10709 | D:9      | Killed Grum
 10850 | D:10     | Entered Level 10 of the Dungeon
 10890 | D:10     | Noticed a two-headed ogre
 10917 | D:10     | Killed a two-headed ogre
 10917 | D:10     | Received a gift from Okawaru
 10918 | D:10     | Reached skill level 10 in Armour
 10918 | D:10     | Reached XP level 11. HP: 91/114 MP: 14/16
 11628 | D:10     | Found an ornate altar of the Wu Jian Council.
 11628 | D:10     | Found a snail-covered altar of Cheibriados.
 11761 | D:11     | Noticed Psyche
 11782 | D:11     | Killed Psyche
 12251 | D:11     | Found a staircase to the Orcish Mines.
 12296 | D:11     | Reached skill level 17 in Fighting
 12561 | D:11     | Reached skill level 10 in Invocations
 12670 | D:11     | Found Deodumux's Antique Weapon Boutique.
 12701 | D:11     | Received a gift from Okawaru
 13113 | D:12     | Noticed a boulder beetle
 13148 | D:11     | Killed a boulder beetle
 13149 | D:11     | Reached skill level 18 in Fighting
 13246 | D:12     | Noticed a green ugly thing
 13246 | D:12     | Noticed a green ugly thing
 13256 | D:11     | Killed a green ugly thing
 13260 | D:12     | Noticed a two-headed ogre
 13265 | D:11     | Killed a green ugly thing
 13266 | D:11     | Reached XP level 12. HP: 125/127 MP: 19/19
 13277 | D:12     | Killed a two-headed ogre
 13415 | D:12     | Noticed a boulder beetle
 13438 | D:12     | Killed a boulder beetle
 13547 | D:12     | Noticed Sonja
 13557 | D:12     | Killed Sonja
 13557 | D:12     | Noticed Lodul
 13566 | D:12     | You fall into a shaft and drop 1 floor!
 13792 | D:13     | Noticed a two-headed ogre
 13830 | D:13     | Killed a two-headed ogre
 14063 | D:13     | Noticed a boulder beetle
 14094 | D:13     | Killed a boulder beetle
 14095 | D:13     | Reached skill level 19 in Fighting
 14326 | D:13     | Noticed a two-headed ogre
 14335 | D:13     | Killed a two-headed ogre
 14465 | D:13     | Noticed a boulder beetle
 14502 | D:13     | Killed a boulder beetle
 14502 | D:13     | Received a gift from Okawaru
 14570 | D:13     | Reached skill level 10 in Throwing
 14584 | D:13     | Found Pogoc's Jewellery Boutique.
 14592 | D:13     | Bought a ring of poison resistance for 340 gold pieces
 14598 | D:13     | Noticed a centaur warrior
 14614 | D:13     | Killed a centaur warrior
 15044 | D:13     | Identified the ring of Sovereignty {rN++ EV+5 Str-4 Int+5}
 15044 | D:13     | Noticed a fire giant
 15056 | D:13     | Found Byevecopo's Antique Weapon Emporium.
 15087 | D:12     | Noticed a two-headed ogre
 15727 | D:12     | Noticed a vault guard
 15736 | D:12     | Killed a vault guard
 15737 | D:12     | Reached skill level 20 in Fighting
 15737 | D:12     | Reached skill level 1 in Evocations
 15754 | D:12     | Found a portal to a secret trove of treasure.
 15832 | D:12     | Reached XP level 13. HP: 132/139 MP: 20/20
 15873 | D:12     | Received a gift from Okawaru
 15983 | D:12     | Killed Lodul
 16264 | D:12     | Found a shimmering blue altar of Sif Muna.
 16404 | D:13     | Found Naekhopherr's Weapon Shoppe.
 16622 | D:13     | Reached skill level 5 in Evocations
 16635 | D:13     | Found Reguishe's Magic Scroll Boutique.
 16642 | D:13     | Found Ixaega's Jewellery Shoppe.
 16649 | D:13     | Upgraded the game from 0.31-a0-925-g0a390f2509 to
                  | 0.31-a0-963-ga325b2283a
 16767 | D:13     | Mangled by a fire giant

Illustrated notes

Levels and vault maps discovered:
D:1:      dpeg_arrival_rhombi, layout_rooms, serial_shops, shop,
          minmay_pentomino_p2
D:2:      layout_basic, uniq_jessica, uniq_sigmund, uniq_natasha
D:3:      layout_rooms, nicolae_overflow_hidden_temple,
          hellmonk_ecumenical_altar_pennies_from_heaven,
          chequers_serial_rivers_micro_b
D:4:      layout_basic, tso_altar, lightli_ossuary_entry_decrepit_ruins,
          kennysheep_boxes, uniq_edmund
D:5:      layout_layer_cave, zin_treasury, kennysheep_okawaru_gauntlet,
          serial_shops, nicolae_shop_tiny_statue_garden
D:6:      layout_basic, gammafunk_ghost_icy, uniq_crazy_yiuf_cottage
D:7:      layout_basic, minmay_temple_entry_trees
D:8:      layout_gridville, lemuel_coloured_pillars_altar, dpeg_oklobed_lair
D:9:      layout_basic, uniq_grum
D:10:     layout_loops_ring, gammafunk_temple_overflow_statue
D:11:     layout_irregular_city, erik_orc_4, serial_shops,
          nicolae_shop_waterfront, uniq_psyche
D:12:     layout_cave_pools, enter_trove_5, led_sif_pool, uniq_sonja, uniq_lodul
D:13:     nzn_winding_woodlands_three_and_one [nzn_winding_woodlands_5x15_pool,
          nzn_winding_woodlands_5x15_concentric,
          nzn_winding_woodlands_5x15_twine,
          nzn_winding_woodlands_center_diamonds], layout_loops_ring,
          serial_shops, nicolae_shop_window_shopping, nicolae_shop_trees, shop,
          shop, nicolae_shop_overgrown_old_shop, hangedman_decor_riveting,
          dreamdust_wasp_nest
Temple:   minmay_temple_curvy_branch

Skill      XL: |  1  2  3  4  5  6  7  8  9 10 11 12 13 |
---------------+----------------------------------------+-----
Fighting       | 3 4 5 6 7 10 12 14 16 18 20 | 20.4
Armour         | 2 3 5 6 8 10 | 10.0
Throwing       | 3 5 8 10 | 10.0
Invocations    | 7 10 | 10.0
Evocations     | 2 5 |  5.1
Maces & Flails | |  3.2
Dodging        | |  2.4

Action                     |  1- 3 |  4- 6 |  7- 9 | 10-12 | 13-15 || total
---------------------------+-------+-------+-------+-------+-------++-------
  Melee: Flail             |   104 |    68 |    73 |       |       ||   245
         Punch             |     2 |     5 |     3 |       |       ||    10
         Whip              |       |    92 |   152 |       |       ||   244
         Mace              |       |       |    70 |    13 |       ||    83
         Dire flail        |       |       |    86 |   573 |   113 ||   772
  Throw: Boomerang         |       |       |    14 |       |       ||    14
         Throwing net      |       |       |       |     1 |       ||     1
 Invoke: Heroism           |       |       |       |     6 |     2 ||     8
  Evoke: Wand              |       |     2 |     4 |     6 |     1 ||    13
    Use: Potion            |       |     1 |     6 |    10 |     2 ||    19
         Scroll            |       |       |     6 |    12 |       ||    18
   Stab: Invisible         |       |       |     3 |     2 |       ||     5
 Armour: Leather armour    |    11 |       |       |       |       ||    11
         Ring mail         |    58 |    68 |       |       |       ||   126
         Skin              |       |     4 |       |       |       ||     4
         Scale mail        |       |    68 |   400 |   133 |       ||   601
         Plate armour      |       |       |       |   469 |    73 ||   542
  Dodge: Dodged            |    87 |    97 |   270 |   515 |    70 ||  1039

Table legend: (Time is in decaauts)
 A = Elapsed time spent in this place.
 B = Non-inter-level travel time spent in this place.
 C = Inter-level travel time spent in this place.
 D = Time resting spent in this place.
 E = Time spent auto-exploring this place.
 F = Levels seen in this place.
 G = Mean time per level.
                   A        B        C        D        E       F      G
               +--------+--------+--------+--------+--------+-----+--------+
         Total |  16907 |  16328 |    579 |   3420 |   8792 |  14 | 1207.6 |
       Dungeon |  16905 |  16326 |    579 |   3420 |   8792 |  13 | 1300.4 |
        Temple |      1 |      1 |      0 |      0 |      0 |   1 |    1.0 |
               +--------+--------+--------+--------+--------+-----+--------+

Top non-repeatable levels by time:
    D:13: 1962 daAuts
     D:5: 1928 daAuts
    D:11: 1862 daAuts
     D:4: 1550 daAuts
     D:8: 1359 daAuts
     D:9: 1284 daAuts
     D:2: 1200 daAuts
     D:7: 1160 daAuts
     D:6: 1154 daAuts
    D:12: 1137 daAuts
    D:10: 1007 daAuts
     D:1: 716 daAuts
     D:3: 582 daAuts
  Temple: 1 daAuts
